 Dungeon Crawl Stone Soup version 0.21-a0-71-g5e5ddd2 (webtiles) character file.

735 HAL9000 the Cudgeler (level 7, -2/68 HPs)
             Began as an Ogre Hunter on June 19, 2017.
             Slain by an iguana (4 damage)
             ... on level 4 of the Dungeon.
             The game lasted 00:15:52 (6924 turns).

HAL9000 the Cudgeler (Ogre Hunter)                  Turns: 6924, Time: 00:15:54

Health: -2/68      AC:  5    Str: 19    XL:     7   Next: 74%
Magic:  16/16      EV: 10    Int: 12    God:
Gold:   201        SH:  0    Dex:  9    Spells: 6/6 levels left

rFire    . . .     SeeInvis .   x - +0 flail
rCold    + . .     Gourm    .   (no shield)
rNeg     . . .     Faith    .   b - +0 robe
rPois    .         Spirit   .   (helmet restricted)
rElec    .         Reflect  .   (no cloak)
rCorr    .         Harm     .   (gloves unavailable)
MR       +....                  (boots unavailable)
Stlth    ..........             t - amulet of magic regeneration
HPRegen  0.21/turn              Q - ring of protection from cold
MPRegen  0.40/turn              R - ring of Kaptomos {MP+9 Stlth-}

@: no status effects
A: unfitting armour, slimy green scales 1, blurry vision 1, magic resistance 1,
tough skin 1, MP-powered wands
a: no special abilities


You were on level 4 of the Dungeon.
You were hungry.

You visited 1 branch of the dungeon, and saw 5 of its levels.

You collected 201 gold pieces.

Inventory:

Hand Weapons
 x - a +0 flail (weapon)
 A - a +0 blowgun
Missiles
 c - 9 large rocks (quivered)
 d - 4 throwing nets
 z - 7 curare-tipped needles
Armour
 b - a +0 robe (worn)
Jewellery
 t - an amulet of magic regeneration (around neck)
 O - an uncursed ring of flight
 Q - a ring of protection from cold (left hand)
 R - the ring of Kaptomos (right hand) {MP+9 Stlth-}
   (You found it on level 5 of the Dungeon)

   [ring of loudness]

   It affects your magic capacity (+9).
   It makes you less stealthy.
Wands
 w - a wand of flame (27/48)
 G - a wand of enslavement (13/24)
Scrolls
 h - 3 scrolls of enchant weapon {unknown}
 l - 2 scrolls of remove curse {unknown}
 p - 2 scrolls of immolation {unknown}
 q - 3 scrolls of magic mapping {unknown}
 y - 3 scrolls of fog {unknown}
 C - a scroll of fear {unknown}
 K - a scroll of recharging {unknown}
 L - 3 scrolls of identify
Potions
 n - 2 potions of lignification
 E - a potion of might
 F - a potion of ambrosia
 J - 2 potions of agility
Books
 H - a book of Frost

   Spells                             Type                      Level
   a - Freeze                         Ice                          1
   b - Throw Frost                    Conjuration/Ice              2
   c - Ozocubu's Armour               Charms/Ice                   3
   d - Throw Icicle                   Conjuration/Ice              4
   e - Summon Ice Beast               Ice/Summoning                4
 N - a book of Cantrips

   Spells                             Type                      Level
   a - Confusing Touch                Hexes                        1
   b - Animate Skeleton               Necromancy                   1
   c - Summon Small Mammal            Summoning                    1
   d - Apportation                    Translocation                1
Comestibles
 f - 2 bread rations
 I - 2 fruits
 S - 2 meat rations


   Skills:
 - Level 3.7 Fighting
 + Level 7.2 Maces & Flails
 - Level 4.0 Throwing
 - Level 1.7 Dodging
 - Level 0.6 Stealth


You had 6 spell levels left.
You didn't know any spells.

Dungeon Overview and Level Annotations

Branches:
Dungeon (5/15)
 Temple: D:4-7

Altars:
Makhleb
Nemelex Xobeh

Shops:
D:4 =

Annotations:
D:5 xgamer67's ghost, novice GnSk


Innate Abilities, Weirdness & Mutations

You are too large for most types of armour.
You have tough skin. (AC +1)
You are partially covered in slimy green scales. (AC +2)
Scrolls take you a little longer to read.
You are resistant to hostile enchantments. (MR+)
You expend magic power (3 MP) to strengthen your wands.


Message History

Xgamer67's ghost freezes you.
* * * LOW HITPOINT WARNING * * *
You climb upwards.
An iguana comes into view.
There is a stone staircase leading down here.
Unknown command.
Unknown command.
You are too injured to fight recklessly!
You are too injured to fight recklessly!
You are too injured to fight recklessly!
Unknown command.
The iguana closely misses you.
You hit the iguana but do no damage. The iguana bites you!
* * * LOW HITPOINT WARNING * * *
You hit the iguana but do no damage. The iguana bites you!
* * * LOW HITPOINT WARNING * * *
You hit the iguana.
The iguana is moderately wounded.
The iguana bites you.
You die...

######## #..>...###### #########
#.###.....#.## #.......# #.#
#..##....###.#####.### #.#
#.[##..l..##.##......# #.#
#..##...@###.##.##.#.# #.#
#.......>...<##.##.#.# #.#
#.###.#.#######.##.#.# #.#
#.....#.# #....#.# #.#
#######+## #.####.### ##.##
##...## #........# #...#
##.....# #.####.#.# #...#
##...##########....#.#
####...####....#≈≈.≈.†≈≈##.###.#


You could see an iguana.

Vanquished Creatures
  A scorpion (D:4)
  A howler monkey (D:4)
  A crimson imp (D:3)
  4 orc wizards (D:4)
  2 iguanas (D:4)
  A worker ant (D:4)
  2 hound zombies
  4 hound skeletons
  2 worker ant zombies (D:3)
  6 gnolls
  9 adders
  A shadow imp (D:5)
  2 oozes
  2 adder zombies (D:3)
  An adder skeleton (D:4)
  8 worms
  6 dart slugs
  4 leopard geckos (D:4)
  4 orcs
  2 ball pythons
  6 giant cockroaches
  8 goblins
  7 hobgoblins
  4 jackals
  7 kobolds
  2 quokkas
  15 bats
  5 frilled lizards
  A jackal skeleton (D:3)
  A quokka zombie (D:3)
  8 rats
127 creatures vanquished.

Vanquished Creatures (others)
  An orc wizard (D:4)
1 creature vanquished.

Grand Total: 128 creatures vanquished

Notes
Turn   | Place    | Note
-------+----------+-------------------------------------------
     0 | D:1      | HAL9000 the Ogre Hunter began the quest for the Orb.
     0 | D:1      | Reached XP level 1. HP: 22/22 MP: 1/1
   229 | D:1      | Reached XP level 2. HP: 21/32 MP: 2/2
   537 | D:1      | Reached skill level 1 in Maces & Flails
   716 | D:1      | Reached XP level 3. HP: 39/39 MP: 3/3
  1226 | D:2      | Reached skill level 2 in Maces & Flails
  1824 | D:2      | Reached XP level 4. HP: 38/48 MP: 4/4
  2334 | D:2      | Found a burning altar of Makhleb.
  2473 | D:2      | Found a sparkling altar of Nemelex Xobeh.
  2488 | D:2      | Reached skill level 3 in Maces & Flails
  3226 | D:3      | Reached XP level 5. HP: 44/54 MP: 5/5
  3352 | D:3      | Reached skill level 4 in Maces & Flails
  4088 | D:3      | Reached XP level 6. HP: 27/62 MP: 6/6
  4461 | D:3      | Reached skill level 5 in Maces & Flails
  5021 | D:4      | HP: 2/62 [something/puff of flame (8)]
  5023 | D:4      | Gained mutation: Scrolls take you a little longer to read. [potion of mutation]
  5023 | D:4      | Gained mutation: You expend magic power (3 MP) to strengthen your wands. [potion of mutation]
  5023 | D:4      | Gained mutation: You are resistant to hostile enchantments. (MR+) [potion of mutation]
  5023 | D:4      | Gained mutation: You are partially covered in slimy green scales. (AC +2) [potion of mutation]
  5383 | D:4      | Reached skill level 6 in Maces & Flails
  5383 | D:4      | Reached XP level 7. HP: 32/68 MP: 7/7
  5601 | D:4      | Found Qemaicun's Jewellery Boutique.
  6474 | D:5      | Entered Level 5 of the Dungeon
  6516 | D:5      | Reached skill level 7 in Maces & Flails
  6528 | D:5      | Got a sparkling steel ring
  6545 | D:5      | Identified the ring of Kaptomos {MP+9 Stlth-} (You found it on level 5 of the Dungeon)
  6839 | D:5      | Noticed xgamer67's ghost (novice GnSk)
  6861 | D:5      | HP: 3/68 [xgamer67's ghost (1)]
  6923 | D:4      | HP: 2/68 [iguana (10)]
  6924 | D:4      | Slain by an iguana

Vault maps used:
D:1:      minmay_arrival_doors, minmay_pentomino_t4
D:2:      lemuel_crystal_altar, first_bread, nemelex_xobeh_ov_fountains_minmay
D:3:      serial_undead, serial_undead_f, serial_undead_d, serial_undead_d,
          serial_undead_e, serial_undead_b, serial_undead_d
D:4:      serial_shops, nicolae_shop_waterfront, gup_sewer_entry_spiral

Skill      XL: |  1  2  3  4  5  6  7 |
---------------+----------------------+-----
Fighting       | 3 |  3.7
Maces & Flails | 1 2 3 4 6 7 |  7.2
Throwing       | |  4.0
Dodging        | |  1.7
Stealth        | |  0.6

Action                   |  1- 3 |  4- 6 |  7- 9 || total
-------------------------+-------+-------+-------++-------
Melee: Short sword       |   135 |    14 |       ||   149
       Mace              |       |    79 |       ||    79
       Flail             |       |   171 |   104 ||   275
Throw: Large rock        |     4 |    12 |     8 ||    24
  Use: Potion            |       |     5 |     1 ||     6
       Scroll            |       |     3 |       ||     3
 Stab: Sleeping          |     1 |     2 |     1 ||     4
       Distracted        |       |     1 |       ||     1
       Invisible         |       |     1 |       ||     1
  Eat: Chunk             |     3 |    11 |     5 ||    19
Armor: Robe              |    62 |   107 |    29 ||   198
       Skin              |       |     8 |       ||     8
Dodge: Dodged            |   103 |   157 |    37 ||   297
